 Dungeon Crawl Stone Soup version 0.27-a0-1140-g099f9bb0e8 (webtiles) character file.

Game seed: 8385324068773846014

132 bilbop the Magician (level 5, -1/38 HPs)
             Began as a Djinni Fire Elementalist on May 9, 2021.
             Slain by a lemure (6 damage)
             ... led by Pikel
             ... on level 4 of the Dungeon.
             The game lasted 00:20:07 (3274 turns).

bilbop the Magician (Djinni Fire Elementalist)      Turns: 3274, Time: 00:20:08

Health: -1/38      AC:  3    Str: 13    XL:     5   Next: 15%
Gold:   226        EV: 12    Int: 17    God:
                   SH:  0    Dex: 14

rFire    + + .     SeeInvis .   a - +0 long sword
rCold    x . .     Faith    .   (no shield)
rNeg     . . .     Spirit   .   m - +0 leather armour
rPois    ∞         Reflect  .   (no helmet)
rElec    .         Harm     .   (no cloak)
rCorr    .         Rampage  .   (no gloves)
Will     .....                  (boots unavailable)
Stlth    ++........             (no amulet)
HPRegen  0.12/turn              h - +6 ring of strength
MPRegen  0.00/turn              o - +4 ring of slaying

@: flying
A: sickness immunity, fire resistance 2, cold vulnerability 1, float, innate
caster, hp casting, extra vitality 1
a: no special abilities


You were on level 4 of the Dungeon.
You visited 1 branch of the dungeon, and saw 4 of its levels.

You collected 226 gold pieces.

Inventory:

Hand Weapons
 a - a +0 long sword (weapon)
 b - a +2 dagger of draining
 c - a +0 rapier
 t - a +0 dagger
Armour
 m - a +0 leather armour (worn)
 r - a +0 robe
Jewellery
 h - a +6 ring of strength (left hand)
 o - a +4 ring of slaying (right hand)
 p - a ring of willpower
Scrolls
 d - a scroll of immolation {unknown}
 g - a scroll of vulnerability {unknown}
 j - a scroll of teleportation {unknown}
 k - a scroll of magic mapping {unknown}
 l - a scroll of holy word {unknown}
 s - a scroll of enchant weapon {unknown}
Potions
 e - 3 potions of might {unknown}
 f - 2 potions of magic {unknown}
 i - 2 potions of lignification {unknown}
 n - 2 potions of curing {unknown}
 q - a potion of invisibility {unknown}
 u - 2 potions of flight {unknown}


   Skills:
 + Level 2.0 Fighting
 + Level 0.7 Long Blades
 - Level 2.1 Dodging
 + Level 2.5 Stealth
 * Level 3.6 Spellcasting
 + Level 1.0 Invocations


You couldn't memorise any spells.
You knew the following spells:

 Your Spells              Type           Power      Damage    Failure   Level
a - Foxfire               Conj/Fire      60%        2x1d7     4%          1
b - Conjure Flame         Conj/Fire      15%        6-21      14%         3
c - Inner Flame           Hex/Fire       15%        N/A       14%         3
d - Sticky Flame          Conj/Fire      15%        2d4       41%         4
e - Fireball              Conj/Fire      7%         3d5       77%         5
f - Corona                Hex            16%        N/A       4%          1
g - Blink                 Tloc           N/A        N/A       7%          2
Your spell library was empty.

Dungeon Overview and Level Annotations

Branches:
Dungeon (4/15)
 Temple: D:4-7

Altars:
Makhleb
Vehumet
Wu Jian

Shops:
D:3 (

Annotations:
D:4 Pikel


Innate Abilities, Weirdness & Mutations

You are immune to sickness and miasma.
You are immune to poison.
Your flesh is very heat resistant. (rF++)
You are vulnerable to cold. (rC-)
You float through the air rather than walking.
You learn spells naturally, not from books.
Your magical power is your life essence.
You have superior vitality. (+4 HP)


Message History

The foxfire hits Pikel but does no damage.
Pikel is lightly wounded.
You can move again.
Casting: Foxfire (safe; 4% risk of failure)
Confirm with . or Enter, or press ? or * to list all spells.
Okay, then.
You conjure some foxfire!
The foxfire hits Pikel.
Pikel resists.
Pikel is lightly wounded.
You conjure some foxfire!
The foxfire hits Pikel.
Pikel resists.
Pikel is lightly wounded.
You hit Pikel but do no damage.
Pikel is lightly wounded.
The foxfire hits Pikel.
Pikel completely resists.
Pikel is lightly wounded.
The foxfire hits Pikel but does no damage.
Pikel is lightly wounded.
Pikel barely misses you.
A lemure comes into view.
The lemure shouts!
You hit Pikel.
Pikel is moderately wounded.
Pikel hits you with a +1 whip of freezing.
Pikel freezes you. The lemure hits you!
You are too injured to fight recklessly!
You are too injured to fight recklessly!
You are too injured to fight recklessly!
You barely miss Pikel.
Pikel is moderately wounded.
Pikel barely misses you. The lemure barely misses you. Pikel barely misses you.
You barely miss Pikel.
Pikel is moderately wounded.
The lemure shouts!
The lemure barely misses you. x2
Pikel hits you with a +1 whip of freezing!
* * * LOW HITPOINT WARNING * * *
Pikel freezes you.
* * * LOW HITPOINT WARNING * * *
The lemure misses you.
You riposte.
You hit the lemure but do no damage. The lemure hits you.
You die...

...#.........##
##...#......##
##.##.#....#
#.##....#.#
######.##..###.#
#......##..###.####
#<.....##.........##
#......###..##.#....
#..@5...............
#..5K...##..#.##...≈
#....5..##..#.###.#.
#.....5.##.........#
#######.##.##.#####.
#.##.##.# #
#.......#
#..5......####
#.5K########


You could see Pikel (resistant) and 4 lemures.

Vanquished Creatures
  An orc priest (D:4)
  A hound zombie (D:3)
  3 adders (D:2)
  2 dart slugs
  4 orcs (D:4)
  2 bats
  4 endoplasms
  A giant cockroach (D:4)
  14 goblins
  5 hobgoblins
  2 quokkas (D:1)
  5 ball pythons
  2 ball python skeletons (D:3)
  4 frilled lizards
  2 kobolds
  2 rats
54 creatures vanquished.

Vanquished Creatures (others)
  138 foxfires
138 creatures vanquished.

Grand Total: 192 creatures vanquished

Notes
Turn   | Place    | Note
-------+----------+-------------------------------------------
     0 | D:1      | bilbop the Djinni Fire Elementalist began the quest for the
                  | Orb.
     0 | D:1      | Reached XP level 1. HP: 15/15 MP: 0/0
   232 | D:1      | Reached XP level 2. HP: 17/22 MP: 0/0
   356 | D:1      | Reached skill level 3 in Spellcasting
   610 | D:1      | Found a faded altar of an unknown god.
  1020 | D:2      | Reached skill level 1 in Fighting
  1020 | D:2      | Reached XP level 3. HP: 23/27 MP: 0/0
  1020 | D:2      | Learned a level 1 spell: Corona
  1929 | D:3      | Found Impicuuh's Antique Weapon Boutique.
  1940 | D:3      | Reached XP level 4. HP: 27/32 MP: 0/0
  2313 | D:3      | Found an ornate altar of the Wu Jian Council.
  3042 | D:4      | Reached skill level 1 in Invocations
  3042 | D:4      | Reached XP level 5. HP: 33/38 MP: 0/0
  3042 | D:4      | Learned a level 2 spell: Blink
  3128 | D:4      | Found a burning altar of Makhleb.
  3258 | D:4      | Noticed Pikel
  3258 | D:4      | Noticed a lemure
  3258 | D:4      | Noticed a lemure
  3258 | D:4      | Noticed a lemure
  3267 | D:4      | Paralysed by Pikel for 2 turns
  3271 | D:4      | Noticed a lemure
  3274 | D:4      | Slain by a lemure

Illustrated notes

Levels and vault maps discovered:
D:1:      sevenhm_arrival_forest_fort_large_4, layout_rooms,
          chequers_ecumenical_altar_simple_redux, minmay_misc_feat_enclosed
D:2:      layout_basic
D:3:      cheibrodos_greedy_goblins, layout_loops_ring,
          overflow_temple_1_default, lemuel_round_altar, serial_undead,
          serial_undead_e, serial_undead_e, serial_undead_e, serial_undead_d,
          serial_shops, shop
D:4:      layout_loops_cross, nicolae_overflow_crystal_walls,
          okawaru_altar_gauntlet_db, chequers_serial_rivers_small_b, uniq_pikel

Skill      XL: |  1  2  3  4  5 |
---------------+----------------+-----
Spellcasting   | 3 |  3.6
Fighting       | 1 2 |  2.0
Stealth        | 2 |  2.5
Invocations    | 1 |  1.0
Long Blades    | |  0.7
Dodging        | |  2.1

Action                   |  1- 3 |  4- 6 || total
-------------------------+-------+-------++-------
Melee: Rapier            |     9 |       ||     9
       Long sword        |       |     8 ||     8
 Cast: Foxfire           |    46 |    46 ||    92
Armor: Leather armour    |     1 |     3 ||     4
Dodge: Dodged            |    10 |    21 ||    31
       Rpst.: Long sword |       |     5 ||     5

Table legend: (Time is in decaauts)
 A = Elapsed time spent in this place.
 B = Non-inter-level travel time spent in this place.
 C = Inter-level travel time spent in this place.
 D = Time resting spent in this place.
 E = Time spent auto-exploring this place.
 F = Levels seen in this place.
 G = Mean time per level.
                   A        B        C        D        E       F      G
               +--------+--------+--------+--------+--------+-----+--------+
         Total |   3274 |   3151 |    123 |    380 |   2415 |   4 |  818.5 |
       Dungeon |   3274 |   3151 |    123 |    380 |   2415 |   4 |  818.5 |
               +--------+--------+--------+--------+--------+-----+--------+

Top non-repeatable levels by time:
     D:3: 1104 daAuts
     D:2: 970 daAuts
     D:1: 959 daAuts
     D:4: 240 daAuts
